 Dungeon Crawl Stone Soup version 0.29.1-13-g9f3cf754e1 (webtiles) character file.

Game seed: 15615165130954566896

10237 shadowmeld the Thaumaturge (level 11, -9/89 HPs)
             Began as a Djinni Hedge Wizard on Feb 7, 2023.
             Was an Elder of Ashenzari.
             Mangled by a six-headed hydra (13 damage)
             ... on level 10 of the Dungeon.
             The game lasted 01:07:42 (8508 turns).

shadowmeld the Thaumaturge (Djinni Hedge Wizard)    Turns: 8508, Time: 01:07:44

Health: -9/89      AC:  5    Str:  9    XL:     11   Next: 89%
Gold:   967        EV: 19    Int: 26    God:    Ashenzari [****..] SH:  0 Dex: 20

rFire   + + .      SeeInvis +   G - +3 flail of Ouranomancy {protect, Melee, Self} (curse)
rCold   x . .      Faith    .   x - orb "Mantic Regret" {mayhem, Self, Range} (curse)
rNeg    . . .      Spirit   .   v - +6 ring mail of the Prescient Sky {*Corrode Regen+ Dex+7, Fort, Self} (curse)
rPois   ∞          Reflect  .   c - +0 hat
rElec   .          Harm     .   C - scarf "Eternal With Me" {+Inv, Self, Evo} (curse)
rCorr   .          Rampage  .   J - +0 pair of gloves
Will    +....      Clarity  +   (boots unavailable)
Stlth   ++........              D - amulet "Shattered With Me" {Regen+, Fort, Self} (curse)
HPRegen 1.84/turn               s - +4 ring of evasion
MPRegen 0.00/turn               f - ring "Circumscribed Fetters" {Int+6, Cun, Self} (curse)

@: corroded, flying
A: sickness immunity, fire resistance 2, cold vulnerability 1, float, innate
caster, HP casting, extra vitality 1
a: Renounce Religion, Evoke Invisibility, Shatter the Chains


You were on level 10 of the Dungeon.
You worshipped Ashenzari.
Ashenzari was greatly pleased with you.
You visited 2 branches of the dungeon, and saw 11 of its levels.

You collected 967 gold pieces.

Inventory:

Hand Weapons
 G - the cursed +3 flail of Ouranomancy (weapon) {protect, Melee, Self}
   (You took it off Edmund on level 4 of the Dungeon)

   It grants its wielder temporary protection when it strikes (+7 to AC).
   It has a curse which improves the following skills: Melee Combat: Short
   Blades, Long Blades, Axes, Maces & Flails, Polearms, Staves and Unarmed
   Combat.
   Introspection: Fighting and Spellcasting.
Missiles
 a - 5 javelins
 b - a throwing net
 p - 31 poisoned darts
 A - 8 curare-tipped darts
 M - 5 datura-tipped darts
Armour
 c - a +0 hat (worn)
 v - the cursed +6 ring mail of the Prescient Sky (worn) {*Corrode Regen+ Dex+7, Fort, Self}
   (You found it on level 3 of the Dungeon)

   Dex:       It affects your dexterity (+7).
   Regen:     It increases your rate of health regeneration.
   *Corrode:  It may corrode you when you take damage.
   It has a curse which improves the following skills: Fortitude: Armour and
   Shields.
   Introspection: Fighting and Spellcasting.
 x - the cursed orb "Mantic Regret" (worn) {mayhem, Self, Range}
   (You found it on level 7 of the Dungeon)

   It has a curse which improves the following skills: Introspection: Fighting
   and Spellcasting.
   Ranged Combat: Ranged Weapons and Throwing.
 y - +0 steam dragon scales
 C - the cursed scarf "Eternal With Me" (worn) {+Inv, Self, Evo}
   (You found it on level 4 of the Dungeon)

   It has a curse which improves the following skills: Introspection: Fighting
   and Spellcasting.
   Evocations: Evocations.
 I - a +0 buckler
 J - a +0 pair of gloves (worn)
Jewellery
 f - the cursed ring "Circumscribed Fetters" (right hand) {Int+6, Cun, Self}
   (You found it on level 5 of the Dungeon)

   [ring of intelligence]

   Int:       It affects your intelligence (+6).
   It has a curse which improves the following skills: Cunning: Dodging and
   Stealth.
   Introspection: Fighting and Spellcasting.
 h - a +6 ring of dexterity
 s - a +4 ring of evasion (left hand)
 u - a +6 ring of intelligence
 D - the cursed amulet "Shattered With Me" (around neck) {Regen+, Fort, Self}
   (You found it on level 4 of the Dungeon)

   [amulet of regeneration]

   Regen:     It increases your rate of health regeneration.
   It has a curse which improves the following skills: Fortitude: Armour and
   Shields.
   Introspection: Fighting and Spellcasting.
 F - the ring "Guimac" {Ice Str+6}
   (You found it on level 4 of the Dungeon)

   [ring of ice]

   It enhances your ice magic.
   Str:       It affects your strength (+6).
   rF:        It makes you vulnerable to fire.
   rC:        It protects you from cold.
Wands
 z - a wand of digging (5)
Scrolls
 e - a scroll of enchant armour
 i - a scroll of brand weapon
 j - a scroll of magic mapping
 l - a scroll of torment
 n - 5 scrolls of teleportation
 o - 2 scrolls of poison
 r - 4 scrolls of immolation
 w - 3 scrolls of butterflies
 E - 2 scrolls of blinking
 H - a scroll of silence
 K - a scroll of enchant weapon
Potions
 d - 3 potions of brilliance
 g - a potion of ambrosia
 k - 4 potions of might
 m - 5 potions of lignification
 q - a potion of haste
 t - a potion of curing
 B - a potion of heal wounds
 L - a potion of invisibility


   Skills:
 * Level 6.0(12.0) Fighting
 + Level 3.4(6.0) Armour
 * Level 6.6(8.6) Dodging
 - Level 1.5(2.9) Stealth
 * Level 12.2(18.5) Spellcasting


You had 21 spell levels left.
You knew the following spells:

 Your Spells              Type           Power      Damage    Failure   Level
a - Magic Dart            Conj           100%       1d8       0%          1
b - Blink                 Tloc           100%       N/A       0%          2
c - Call Imp              Summ           88%        N/A       0%          2
d - Slow                  Hex            100%       N/A       0%          1
e - Conjure Flame         Conj/Fire      88%        6-21      0%          3
f - Mephitic Cloud        Conj/Pois/Air  88%        N/A       0%          3
g - Sandblast             Erth           100%       2d20      0%          1
h - Static Discharge      Conj/Air       88%        3-14/arc  0%          2
i - Teleport Other        Tloc           88%        N/A       0%          3
j - Anguish               Hex/Necr       44%        N/A       1%          4
k - Fulminant Prism       Conj/Hex       44%        3d20      1%          4
Your spell library was empty.

Dungeon Overview and Level Annotations

Branches:
Dungeon (10/15)            Temple (1/1) D:4            Lair (0/5) D:8
    Orc (0/2) D:9

Altars:
Ashenzari
Cheibriados
Dithmenos
Elyvilon
Fedhas
Hepliaklqana
Makhleb
Nemelex Xobeh
Okawaru
Qazlal
Ru
Trog
Uskayaw
Wu Jian
Xom
Yredelemnul
Zin
The Shining One

Shops:
D:9 (


Innate Abilities, Weirdness & Mutations

You are immune to sickness and miasma.
You are immune to poison.
Your flesh is very heat resistant. (rF++)
You are vulnerable to cold. (rC-)
You float through the air rather than walking.
You learn spells naturally, not from books.
Your magical power is your life essence.
You have superior vitality. (+4 MHP)


Message History

Casting: Blink (safe; 0% risk of failure)
Confirm with . or Enter, or press ? or * to list all spells.
You can't see any susceptible monsters within range! (Use Z to cast anyway.)
Casting: Blink (safe; 0% risk of failure)
Confirm with . or Enter, or press ? or * to list all spells.
You don't know that spell.
Casting: Blink (safe; 0% risk of failure)
Confirm with . or Enter, or press ? or * to list all spells.
You can't see any susceptible monsters within range! (Use Z to cast anyway.)
Casting: Blink (safe; 0% risk of failure)
Confirm with . or Enter, or press ? or * to list all spells.
You don't know that spell.
Casting: Blink (safe; 0% risk of failure)
Confirm with . or Enter, or press ? or * to list all spells.
Aiming: Mephitic Cloud (safe; 0% risk of failure)
Press: ? - help, Shift-Dir - straight line The ball explodes into a vile cloud!
The stinking cloud engulfs the six-headed hydra but does no damage.
The six-headed hydra attacks as you move away!
The six-headed hydra bites you but does no damage. x2
The six-headed hydra closely misses you.
The six-headed hydra barely misses you. The six-headed hydra bites you.
Your corrosive artefact corrodes you!
The six-headed hydra closely misses you.
There is an open door here.
Casting: Mephitic Cloud (safe; 0% risk of failure)
Confirm with . or Enter, or press ? or * to list all spells.
You blink.
The six-headed hydra closely misses you.
The six-headed hydra bites you!
The six-headed hydra bites you but does no damage.
The six-headed hydra bites you! x2
The six-headed hydra completely misses you.
The six-headed hydra attacks as you move away!
The six-headed hydra misses you. The six-headed hydra bites you!
* * * LOW HITPOINT WARNING * * *
The six-headed hydra bites you!
* * * LOW HITPOINT WARNING * * *
The six-headed hydra bites you!
You die...

* ,, * *'* ,,,,,,, ,* * *
#.......... , , ,,,,, , +
............ ,, , , , * , ,
#............, ,,, ,, , * , , #
........... , ,, ,,, #.
........###...###### , **###
####.......#[#####....# ...
...#......##+#...'....#. * ...
####......#..#.#@#....#. ...
#.........#..'.D§#....#., *...
#.....)...###########)##.* #...
#.........#......#.....#.#####...
'.........#......#.....#.........
'..###'#..#..##..#..#..#.........
#..#...#..#..##..#.....#.......##
#..#...#..#......'.....#.......#.
+..#...#.........#######.......#.


You could see a six-headed hydra.

Vanquished Creatures
  Erolcha (D:9)
  A two-headed ogre (D:10)
  An unseen horror (D:10)
  3 unseen horror zombies (D:8)
  Maggie (D:8)
  A tengu conjurer (D:9)
  2 trolls
  2 slime creatures (D:6)
  3 wyverns (D:9)
  A wraith (D:10)
  3 yaks (D:10)
  A vampire (D:10)
  Grum (D:10)
  Edmund (D:4)
  An acid dragon (D:9)
  A water moccasin (D:5)
  2 orc warriors (D:9)
  2 wolves (D:10)
  8 kobold brigands
  5 bullfrogs
  4 scorpions
  A necrophage (D:4)
  A water moccasin zombie (D:4)
  A wyvern zombie (D:8)
  28 wights
  6 electric eels (D:9)
  5 howler monkeys
  A centaur zombie (D:8)
  6 jellies (D:6)
  4 orc priests
  A hound (D:7)
  A gnoll bouda (D:7)
  8 iguanas
  5 orc wizards
  A scorpion zombie (D:4)
  A killer bee zombie (D:8)
  2 howler monkey zombies (D:8)
  12 gnolls
  12 adders
  A shadow imp (D:4)
  4 white imps
  3 ufetubi (D:4)
  An adder zombie (D:4)
  12 worms
  4 dart slugs
  19 orcs
  15 endoplasms
  6 giant cockroaches
  7 hobgoblins
  2 jackals (D:1)
  A quokka (D:1)
  10 ball pythons
  5 bats
  A frilled lizard (D:1)
  6 goblins
  29 kobolds
  A quokka zombie (D:4)
  6 rats
274 creatures vanquished.

Vanquished Creatures (collateral kills)
  6 wights
  3 orcs (D:9)
9 creatures vanquished.

Vanquished Creatures (others)
  A wolf (D:10)
  A wight (D:8)
  A demonic plant (D:4)
  9 fulminant prisms
  4 fungi (D:6)
  16 plants
  12 toadstools (D:6)
44 creatures vanquished.

Grand Total: 327 creatures vanquished

Notes
Turn   | Place    | Note
-------+----------+-------------------------------------------
     0 | D:1      | shadowmeld the Djinni Hedge Wizard began the quest for the
                  | Orb.
     0 | D:1      | shadowmeld set off with the following spells memorised:
                  | Magic Dart, Blink, Call Imp, Slow, Conjure Flame, Mephitic
                  | Cloud.
     0 | D:1      | Reached XP level 1. HP: 15/15 MP: 0/0
   375 | D:1      | Reached XP level 2. HP: 15/21 MP: 0/0
   461 | D:1      | You are sucked into a shaft and drop 1 floor!
   839 | D:2      | Reached skill level 3 in Spellcasting
   839 | D:2      | Reached XP level 3. HP: 14/26 MP: 0/0
   839 | D:2      | Learned a level 1 spell: Sandblast
  1258 | D:2      | Reached XP level 4. HP: 17/31 MP: 0/0
  1408 | D:2      | Found a bloodstained altar of Trog.
  1646 | D:2      | Reached skill level 1 in Fighting
  2416 | D:3      | Identified the +6 ring mail of the Arena {*Corrode Regen+
                  | Dex+7}
  2441 | D:3      | Reached XP level 5. HP: 37/37 MP: 0/0
  2441 | D:3      | Learned a level 2 spell: Static Discharge
  2532 | D:3      | Reached skill level 4 in Spellcasting
  2773 | D:4      | Reached XP level 6. HP: 26/43 MP: 0/0
  2949 | D:1      | Found a faded altar of an unknown god.
  3400 | D:4      | Found a basalt altar of Yredelemnul.
  3408 | D:4      | Reached skill level 5 in Spellcasting
  3408 | D:4      | Reached XP level 7. HP: 44/49 MP: 0/0
  3408 | D:4      | Learned a level 3 spell: Teleport Other
  3480 | D:4      | Found a glowing golden altar of the Shining One.
  3487 | D:4      | Became a worshipper of the Shining One
  3695 | D:4      | Found a staircase to the Ecumenical Temple.
  3709 | Temple   | Entered the Ecumenical Temple
  3768 | D:4      | Found a broken altar of Ashenzari.
  3769 | D:4      | Noticed Edmund
  3805 | D:4      | Fell from the grace of the Shining One
  3805 | D:4      | Became a worshipper of Ashenzari the Shackled
  4097 | D:4      | Identified the ring "Guimac" {Ice Str+6}
  4281 | D:4      | Killed Edmund
  4282 | D:4      | Reached skill level 6 in Spellcasting
  4282 | D:4      | Reached XP level 8. HP: 55/55 MP: 0/0
  4425 | D:5      | Entered Level 5 of the Dungeon
  5365 | D:6      | Reached * piety under Ashenzari
  5365 | D:6      | Identified a scroll of acquirement
  5373 | D:6      | Acquired 515 gold pieces
  5379 | D:6      | Found a snail-covered altar of Cheibriados.
  5425 | D:6      | Reached skill level 1 in Armour
  5453 | D:6      | Reached skill level 7 in Spellcasting
  5497 | D:6      | Noticed a slime creature
  5501 | D:6      | Killed a slime creature
  5502 | D:6      | Reached XP level 9. HP: 51/63 MP: 0/0
  5502 | D:6      | Learned a level 4 spell: Anguish
  5510 | D:6      | Noticed a slime creature
  5520 | D:6      | Killed a slime creature
  5521 | D:6      | Reached skill level 8 in Spellcasting
  5798 | D:6      | Reached ** piety under Ashenzari
  6078 | D:7      | Reached skill level 5 in Dodging
  6078 | D:7      | Reached skill level 9 in Spellcasting
  6078 | D:7      | Reached XP level 10. HP: 52/73 MP: 0/0
  6124 | D:7      | Found a shadowy altar of Dithmenos.
  6295 | D:7      | Reached *** piety under Ashenzari
  6341 | D:7      | Found an ornate altar of the Wu Jian Council.
  6597 | D:8      | Found a hazy altar of Hepliaklqana.
  6598 | D:8      | Found a shimmering altar of Xom.
  6599 | D:8      | Noticed a spectral ugly thing
  6633 | D:8      | Noticed Maggie
  6640 | D:8      | Killed Maggie
  6688 | D:8      | Reached skill level 10 in Spellcasting
  6873 | D:8      | Reached skill level 5 in Fighting
  7001 | D:8      | Found a staircase to the Lair.
  7324 | D:9      | Reached XP level 11. HP: 82/82 MP: 0/0
  7324 | D:9      | Learned a level 4 spell: Fulminant Prism
  7325 | D:9      | Noticed Erolcha
  7335 | D:9      | Killed Erolcha
  7380 | D:9      | Reached skill level 11 in Spellcasting
  7505 | D:9      | Found a staircase to the Orcish Mines.
  7505 | D:9      | Found Ahuletzi's Weapon Boutique.
  7633 | D:9      | Found a sparkling altar of Nemelex Xobeh.
  8170 | D:10     | Entered Level 10 of the Dungeon
  8190 | D:10     | Found a stormy altar of Qazlal.
  8195 | D:10     | Reached **** piety under Ashenzari
  8268 | D:10     | Noticed Grum
  8277 | D:10     | Killed Grum
  8282 | D:10     | Noticed a two-headed ogre
  8289 | D:10     | Killed a two-headed ogre
  8412 | D:10     | Reached skill level 12 in Spellcasting
  8451 | D:10     | Noticed a six-headed hydra
  8508 | D:10     | HP: 4/89 [six-headed hydra (13)]
  8508 | D:10     | Mangled by a six-headed hydra

Illustrated notes

Levels and vault maps discovered:
D:1:      ncdulo_smallfort, layout_rooms, basic_ecumenical_altar,
          minmay_misc_feat_tower
D:2:      layout_basic, basic_altar
D:3:      layout_basic, nicolae_vehumet_altar_sigil
D:4:      layout_loops_corners, nicolae_yredelemnul_corpse_copse,
          evilmike_ruin_ashenzari, mainiacjoe_overflow_six_doors_small,
          minmay_temple_entry_slanted, serial_demonic, serial_demonic_f,
          serial_demonic_a, serial_demonic_f, serial_demonic_a,
          minmay_misc_feat_columns, nicolae_wormholes, uniq_edmund
D:5:      layout_loops_corners, mainiacjoe_overflow_tiny_flanked
D:6:      cheibrodos_fertilizer, layout_gridville, kennysheep_slug_shrine
D:7:      layout_rooms, grunt_dithmenos_smoke_and_mirrors,
          mainiacjoe_overflow_chevrons, minivault_4
D:8:      layout_gridville, regret_index_temple_of_mockery, lair_entry_dummy,
          serial_undead, serial_undead_a, serial_undead_b, serial_undead_a,
          serial_undead_d, uniq_maggie
D:9:      cheibrodos_two_vegetables, layout_loops_ring,
          mainiacjoe_overflow_concentric_impassable, orc_david_3, uniq_erolcha
D:10:     minmay_clustersquares, layout_irregular_city, kennysheep_mini_moat,
          nicolae_gozag_seed_capital, kennysheep_mini, uniq_grum, uniq_erica
Temple:   hellmonk_temple_of_storms

Skill      XL: |  1  2  3  4  5  6  7  8  9 10 11 |
---------------+----------------------------------+-----
Spellcasting   | 3 4 5 6 7 9 10 12 | 12.2
Fighting       | 1 2 3 4 5 6 |  6.0
Dodging        | 3 4 5 6 |  6.6
Armour         | 1 2 3 |  3.4
Stealth        | |  1.5

Action                   |  1- 3 |  4- 6 |  7- 9 | 10-12 || total
-------------------------+-------+-------+-------+-------++-------
Melee: Dagger            |     2 |       |    19 |       ||    21
 Cast: Magic Dart        |    42 |    23 |    76 |    74 ||   215
       Sandblast         |    10 |   109 |   164 |   168 ||   451
       Slow              |       |       |     3 |       ||     3
       Mephitic Cloud    |       |       |     4 |    10 ||    14
       Teleport Other    |       |       |     1 |       ||     1
       Fulminant Prism   |       |       |       |     9 ||     9
       Blink             |       |       |       |     4 ||     4
Invok: Curse Item        |       |       |     3 |     3 ||     6
  Use: Scroll            |       |     1 |     1 |       ||     2
 Stab: Confused          |       |       |     3 |       ||     3
Armor: Ring mail         |       |    14 |    17 |    35 ||    66
Dodge: Dodged            |     6 |    48 |    63 |   135 ||   252
